 Dungeon Sprint DCSS version 0.28-a0-1382-g92835e5c71 (webtiles) character file.

Game seed: 14346375036813647781

74500 mhtbhm the Shatterer (level 15, -3/124 HPs)
             Began as a Gargoyle Berserker on Jan 1, 2022.
             Was the Champion of Trog.
             Slain by a phantasmal warrior (17 damage)
             ... summoned by a mummy priest
             ... in the Dungeon (Sprint III: "The Ten Rune Challenge").
             The game lasted 00:17:04 (9542 turns).

mhtbhm the Shatterer (Gargoyle Berserker)           Turns: 9542, Time: 00:17:05

Health: -3/124     AC: 29    Str: 38    XL:     15   Next: 3%
Magic:  15/15      EV: 10    Int:  6    God:    Trog [******]
Gold:   77         SH:  0    Dex:  9    Spells: 14/14 levels left

rFire   + . .      SeeInvis +   r - +10 dire flail "Ranenaj" {vorpal, *Rage Fly rPois}
rCold   + . .      Faith    .   (shield currently unavailable)
rNeg    + . .      Spirit   .   b - +0 chain mail {rC+}
rPois   ∞          Reflect  .   (helmet restricted)
rElec   +          Harm     .   i - +0 cloak
rCorr   .          Rampage  .   (no gloves)
Will    +....      Rage     20% (no boots)
Stlth   .......... NoTele   +   (no amulet)
HPRegen 1.30/turn               s - ring of Intercession {rF+ Str+4 SInv Stlth-}
MPRegen 0.14/turn               z - +6 ring of strength

@: weak-willed, strong-willed, on berserk cooldown, flying, contaminated,
regenerating, slowed, glowing, constricted, studying 2 skills, very slow
A: sickness immunity, AC +11, big wings, negative energy resistance 1,
electricity resistance, torment resistance 1, petrification resistance, beak,
dopey 1, mutation resistance 1, wild magic 1
}: 1/10 runes: serpentine
a: Renounce Religion, Berserk, Trog's Hand, Brothers in Arms


You were in the Dungeon.
You worshipped Trog.
Trog was exalted by your worship.
You visited 1 branch You collected 1407 gold pieces.
You spent 1330 gold pieces at shops.

Inventory:

Hand Weapons
 a - the +4 eveningstar of Ointment {speed, rCorr Str+2}
   (You acquired it in the Dungeon)

   Attacks with this weapon are significantly faster.
   Str:       It affects your strength (+2).
   rCorr:     It protects you from acid and corrosion.
 r - the +10 dire flail "Ranenaj" (weapon) {vorpal, *Rage Fly rPois}
   (Trog gifted it to you in the Dungeon)

   It inflicts extra damage upon your enemies.
   rPois:     It protects you from poison.
   Fly:       It grants you flight.
   *Rage:     It berserks you when you make melee attacks (+20% chance).
 u - the +12 glaive of Killer Bee's Regret {antimagic, rElec rCorr}
   (Trog gifted it to you in the Dungeon)

   It reduces the magical energy of the wielder, and disrupts the spells and
   magical abilities of those it strikes.
   Natural abilities and divine invocations are not affected.
   rElec:     It insulates you from electricity.
   rCorr:     It protects you from acid and corrosion.
 w - the +6 bardiche of a volcano {antimagic, rElec rF+}
   (Trog gifted it to you in the Dungeon)

   It reduces the magical energy of the wielder, and disrupts the spells and
   magical abilities of those it strikes.
   Natural abilities and divine invocations are not affected.
   rF:        It protects you from fire.
   rElec:     It insulates you from electricity.
Missiles
 q - 6 javelins
 t - 7 curare-tipped darts (quivered)
Armour
 b - a +0 chain mail of cold resistance (worn)
 i - a +0 cloak (worn)
Jewellery
 s - the ring of Intercession (left hand) {rF+ Str+4 SInv Stlth-}
   (You acquired it in the Dungeon)

   [ring of see invisible]

   Str:       It affects your strength (+4).
   rF:        It protects you from fire.
   SInv:      It lets you see invisible.
   Stlth:     It makes you less stealthy.
 z - a +6 ring of strength (right hand)
Wands
 x - a wand of digging (5)
Scrolls
 h - a scroll of enchant weapon
 k - 6 scrolls of identify
 m - 2 scrolls of torment
 A - a scroll of fog
 B - a scroll of magic mapping
Potions
 c - 6 potions of curing
 d - a potion of heal wounds
 e - 3 potions of haste
 f - 2 potions of magic
 g - a potion of berserk rage
 l - 2 potions of flight
 n - 5 potions of mutation
 p - a potion of might
Miscellaneous
 o - a tin of tremorstones (2/2)
 y - a phial of floods


   Skills:
 + Level 25.8 Fighting
 + Level 26.2 Maces & Flails
 + Level 21.9 Armour
 + Level 10.4 Dodging
 + Level 6.5 Stealth
 + Level 3.0 Evocations


You had 14 spell levels left.
You didn't know any spells.
Your spell library was empty.

Dungeon Overview and Level Annotations

Branches:
Dungeon (1/1)

Altars:
Cheibriados
Dithmenos
Elyvilon
Fedhas
Gozag
Hepliaklqana
Kikubaaqudgha
Makhleb
Nemelex Xobeh
Okawaru
Qazlal
Ru
Sif Muna
Trog
Uskayaw
Vehumet
Wu Jian
Xom
Yredelemnul
Zin
The Shining One
Beogh
Jiyva
Lugonu

Shops:
D !=(?![![![=!(?(:[!:[


Innate Abilities, Weirdness & Mutations

You are immune to sickness and miasma.
Your stone body is resilient. (AC +11)
You are immune to poison.
Your large and strong wings let you fly.
You resist negative energy. (rN+)
You are resistant to electric shocks. (rElec)
You are resistant to unholy torment.
You are immune to petrification.
You have a beak for a mouth.
You are dopey. (Int -2)
You are somewhat resistant to further mutation.
Your spells are a little harder to cast, but a little more powerful.


Message History

* * * LOW HITPOINT WARNING * * *
You hear a loud "Zot"!
Your stone giant goes berserk!
The ball python skeleton bites you but does no damage.
The ball python skeleton constricts you.
The phantasmal warrior hits you.
* * * LOW HITPOINT WARNING * * *
Your willpower is stripped away!
The green death hits you.
* * * LOW HITPOINT WARNING * * *
The royal mummy is lost in a daze.
The mummy hits you but does no damage.
The ball python skeleton barely misses you.
The ball python skeleton constricts you.
The phantasmal warrior hits you but does no damage.
The green death gestures at you.
The bolt of poison hits you but does no damage.
You resist.
You feel much better.
Your stone giant hits the green death!!
The ball python skeleton bites you but does no damage.
The ball python skeleton constricts you.
The phantasmal warrior closely misses you.
The mummy hits you but does no damage.
The green death hits you but does no damage.
Your stone giant hits the green death.
Your skin crawls.
You feel strong-willed.
The mummy priest is no longer dazed.
Your stone giant hits the green death!!
The ball python skeleton barely misses you.
The ball python skeleton constricts you.
The phantasmal warrior closely misses you.
The green death hits your stone giant!!
The royal mummy is lost in a daze.
Your stone giant hits the green death!!
The mummy priest invokes the aid of its god against you.
Something smites you!
* * * LOW HITPOINT WARNING * * *
The ball python skeleton barely misses you.
The ball python skeleton constricts you.
The mummy hits you!
* * * LOW HITPOINT WARNING * * *
The phantasmal warrior hits you!
You die...

,,,,,,,▓..#........^.....#
**,,≈*,▓÷÷#.......^......#
,**,≈*,▓..#..##########..#
,,**+**▓..#^.#...M§[=?#..#
*,**,,,▓..#..#§..M.[§)#..#
*,****,▓..#..#M§§M.|))#..#
*,,,,,,▓..#..#..M..φ:)#..#
***+***▓..#..#M########..#
≈⌠,,,≈,▓.)#..#MZ@C...)...#
≈≈,≈,≈,▓..'..#.M2W..^....#
,≈,≈,≈,▓##################
,,,≈,,,*******************
###+###▓,+^,,,*,,+,,,*,,,*
.#.#.#.▓,*,,,^*,**,,,*,^,*
#.#.#.#▓,*,,,^*,,*≈≈≈*,,,*
.#.#.#.▓,*+*****,*≈≈≈*,*,*
▓▓▓▓▓▓▓▓,*,,,,*,,*,,,*,*,*


You could see a royal mummy (dazed), a green death (ally target), a mummy
priest, a phantasmal warrior (summoned), a mummy (summoned), a ball python
skeleton (summoned) and a friendly stone giant (summoned, berserk).

Vanquished Creatures
  A royal mummy (D)
  Boris (D)
  A Brimstone Fiend (D)
  A lich (D)
  2 sphinxes (D)
  Harold (D)
  A nagaraja (D)
  Roxanne (D)
  A spark wasp (shapeshifter) (D)
  Azrael (D)
  An iron golem (D)
  2 yaktaur captains (D)
  A fire dragon (D)
  6 mummy priests (D)
  Erolcha (D)
  A naga warrior (D)
  2 hydras (D)
  2 centaur warriors (D)
  6 anacondas (D)
  4 dancing weapons (D)
  3 orc high priests (D)
  Urug (D)
  4 hell knights (D)
  A deep elf knight (D)
  2 skeletal warriors (D)
  A golden dragon zombie (D)
  2 anaconda zombies (D)
  An orange crystal statue (D)
  A death drake (D)
  3 deep elf pyromancers (D)
  Joseph (D)
  2 deep elf zephyrmancers (D)
  A lindwurm (D)
  4 ugly things (D)
  4 crystal guardians (D)
  2 oklob plants (D)
  An iron troll simulacrum (D)
  3 black mambas (D)
  A guardian serpent (D)
  4 stone giant skeletons (D)
  2 cane toads (D)
  4 statues (D)
  A rime drake (D)
  2 yaktaurs (D)
  A komodo dragon (D)
  17 guardian mummies (D)
  3 wandering mushrooms (D)
  4 spriggan defenders (D)
  A queen bee (D)
  2 tyrant leeches (D)
  A tyrant leech (shapeshifter) (D)
  3 hornets (D)
  3 slime creatures (D)
  A shadow (D)
  5 redbacks (D)
  A spatial vortex (D)
  2 nagas (D)
  A floating eye (D)
  3 water moccasins (D)
  A swamp drake (D)
  A necrophage (D)
  5 two-headed ogres (D)
  A water elemental (D)
  32 killer bees (D)
  An electric eel (D)
  A jelly (D)
  5 orc priests (D)
  Crazy Yiuf (D)
  Jessica (D)
  A wizard (D)
  2 necromancers (D)
  An orc wizard (D)
  A kobold demonologist (D)
  3 humans (D)
  4 adders (D)
  13 orcs (D)
  An endoplasm (D)
  2 rats (D)
213 creatures vanquished.

Vanquished Creatures (collateral kills)
  A yaktaur captain (D)
1 creature vanquished.

Vanquished Creatures (others)
  A bush (D)
  12 plants (D)
13 creatures vanquished.

Grand Total: 227 creatures vanquished

Notes
Turn   | Place    | Note
-------+----------+-------------------------------------------
     0 | D        | mhtbhm the Gargoyle Berserker began the quest for the Orb.
     0 | D        | Reached XP level 1. HP: 14/14 MP: 1/1
   211 | D        | Reached ** piety under Trog
   220 | D        | Noticed Jessica
   227 | D        | Killed Jessica
   228 | D        | Reached skill level 5 in Fighting
   228 | D        | Reached skill level 4 in Maces & Flails
   228 | D        | Reached skill level 1 in Stealth
   228 | D        | Reached XP level 2. HP: 15/21 MP: 2/2
   228 | D        | Reached XP level 3. HP: 19/26 MP: 3/3
   403 | D        | Reached skill level 5 in Maces & Flails
   454 | D        | Noticed Crazy Yiuf
   459 | D        | Killed Crazy Yiuf
   460 | D        | Reached XP level 4. HP: 32/32 MP: 4/4
   528 | D        | Gained mutation: Armour fits poorly on your strangely
                  | shaped body. [potion of mutation]
   528 | D        | Gained mutation: You are dopey. (Int -2) [potion of
                  | mutation]
   528 | D        | Gained mutation: You have a beak for a mouth. [potion of
                  | mutation]
   529 | D        | Lost mutation: You are dopey. (Int -2) [potion of mutation]
   529 | D        | Lost mutation: Armour fits poorly on your strangely shaped
                  | body. [potion of mutation]
   529 | D        | Gained mutation: Your spells are a little harder to cast,
                  | but a little more powerful. [potion of mutation]
   529 | D        | Gained mutation: You are somewhat resistant to further
                  | mutation. [potion of mutation]
   535 | D        | Noticed a water elemental
   540 | D        | Killed a water elemental
   540 | D        | Reached *** piety under Trog
   541 | D        | Reached skill level 7 in Maces & Flails
   541 | D        | Reached XP level 5. HP: 38/38 MP: 5/5
   578 | D        | Found a basalt altar of Yredelemnul.
   578 | D        | Found a shadowy altar of Dithmenos.
   578 | D        | Found a sacrificial altar of Ru.
   578 | D        | Noticed a necrophage
   583 | D        | Killed a necrophage
   584 | D        | Reached skill level 8 in Maces & Flails
   588 | D        | Reached XP level 6. HP: 26/44 MP: 6/6
   717 | D        | Found a glowing silver altar of Zin.
   717 | D        | Found a glowing golden altar of the Shining One.
   717 | D        | Found a white marble altar of Elyvilon.
   718 | D        | Noticed a deep elf pyromancer
   725 | D        | Noticed a fire elemental
   735 | D        | Killed a deep elf pyromancer
   735 | D        | Reached **** piety under Trog
   736 | D        | Reached skill level 10 in Fighting
   736 | D        | Reached skill level 11 in Maces & Flails
   736 | D        | Reached skill level 5 in Armour
   736 | D        | Reached skill level 5 in Dodging
   736 | D        | Reached XP level 7. HP: 29/53 MP: 7/7
   866 | D        | Found a radiant altar of Vehumet.
   866 | D        | Found a shimmering blue altar of Sif Muna.
   866 | D        | Found an ancient bone altar of Kikubaaqudgha.
   979 | D        | Noticed a shadow
   989 | D        | Killed a shadow
   989 | D        | Reached ***** piety under Trog
   990 | D        | Reached XP level 8. HP: 49/60 MP: 8/8
  1044 | D        | Found a blossoming altar of Fedhas.
  1044 | D        | Found a stormy altar of Qazlal.
  1044 | D        | Found a snail-covered altar of Cheibriados.
  1044 | D        | Found a burning altar of Makhleb.
  1044 | D        | Found a shimmering altar of Xom.
  1045 | D        | Found a hazy altar of Hepliaklqana.
  1045 | D        | Found an opulent altar of Gozag.
  1045 | D        | Found a sparkling altar of Nemelex Xobeh.
  1045 | D        | Found a corrupted altar of Lugonu.
  1045 | D        | Found a viscous altar of Jiyva.
  1054 | D        | Reached skill level 12 in Maces & Flails
  1123 | D        | Found a hide-covered altar of Uskayaw.
  1123 | D        | Found an iron altar of Okawaru.
  1123 | D        | Found a bloodstained altar of Trog.
  1123 | D        | Found an ornate altar of the Wu Jian Council.
  1183 | D        | Reached skill level 13 in Maces & Flails
  1187 | D        | Received a gift from Trog
  1329 | D        | Noticed a two-headed ogre
  1338 | D        | Killed a two-headed ogre
  1339 | D        | Reached XP level 9. HP: 65/65 MP: 9/9
  1384 | D        | Noticed Erolcha
  1384 | D        | Noticed a two-headed ogre
  1391 | D        | Killed Erolcha
  1392 | D        | Reached skill level 14 in Maces & Flails
  1392 | D        | Reached skill level 5 in Stealth
  1395 | D        | Killed a two-headed ogre
  1562 | D        | Reached skill level 15 in Maces & Flails
  1562 | D        | Reached skill level 1 in Evocations
  1571 | D        | Noticed a wandering mushroom
  1575 | D        | Noticed a wandering mushroom
  1577 | D        | Noticed a wandering mushroom
  1578 | D        | Killed a wandering mushroom
  1586 | D        | Killed a wandering mushroom
  1587 | D        | Reached XP level 10. HP: 62/73 MP: 10/10
  1683 | D        | Noticed a cane toad
  1683 | D        | Noticed a cane toad
  1689 | D        | Reached ****** piety under Trog
  1690 | D        | Reached skill level 16 in Maces & Flails
  1696 | D        | Killed a cane toad
  1701 | D        | Killed a cane toad
  1938 | D        | Received a gift from Trog
  2396 | D        | Noticed a lindwurm
  2400 | D        | Killed a lindwurm
  2401 | D        | Reached skill level 17 in Maces & Flails
  2524 | D        | Received a gift from Trog
  2524 | D        | Noticed Urug
  2529 | D        | Killed Urug
  2530 | D        | Reached skill level 15 in Fighting
  2530 | D        | Reached skill level 10 in Armour
  2530 | D        | Reached XP level 11. HP: 81/81 MP: 11/11
  2626 | D        | Noticed a six-headed hydra
  2626 | D        | Noticed a five-headed hydra
  2634 | D        | Killed a six-headed hydra
  2639 | D        | Killed a five-headed hydra
  2640 | D        | Reached skill level 18 in Maces & Flails
  2791 | D        | Noticed a death drake
  2797 | D        | Killed a death drake
  2827 | D        | Noticed an anaconda
  2850 | D        | Killed an anaconda
  2864 | D        | Received a gift from Trog
  2954 | D        | Noticed an anaconda
  2954 | D        | Noticed an anaconda
  2954 | D        | Noticed an anaconda
  3247 | D        | Killed an anaconda
  3249 | D        | Received a gift from Trog
  3402 | D        | Killed an anaconda
  3432 | D        | Noticed an anaconda
  3437 | D        | Killed an anaconda
  3438 | D        | Reached skill level 19 in Maces & Flails
  3448 | D        | Killed an anaconda
  3448 | D        | Received a gift from Trog
  3741 | D        | Noticed an anaconda
  3751 | D        | Killed an anaconda
  3752 | D        | Reached XP level 12. HP: 60/91 MP: 12/12
  3878 | D        | Noticed a naga warrior
  3878 | D        | Noticed a nagaraja
  3880 | D        | Found Daroi's Distillery.
  3880 | D        | Found Helox's Jewellery Shoppe.
  3883 | D        | Found Nymid's Antique Weapon Boutique.
  3888 | D        | Killed a naga warrior
  3892 | D        | Killed a nagaraja
  3893 | D        | Reached skill level 15 in Armour
  4034 | D        | Received a gift from Trog
  4040 | D        | Got a serpentine rune of Zot
  4181 | D        | Found Iweceu's Magic Scroll Boutique.
  4182 | D        | Noticed an orc high priest
  4183 | D        | Received a gift from Trog
  4199 | D        | Killed an orc high priest
  4199 | D        | Received a gift from Trog
  4390 | D        | Bought a scroll of acquirement for 520 gold pieces
  4390 | D        | Bought a scroll of acquirement for 520 gold pieces
  4391 | D        | Acquired the ring of Intercession {rF+ Str+4 SInv Stlth-}
  4396 | D        | Acquired the +4 eveningstar of Ointment {speed, rCorr
                  | Str+2}
  4416 | D        | Noticed a deep elf knight
  4427 | D        | Killed a deep elf knight
  4436 | D        | Received a gift from Trog
  4444 | D        | Noticed a deep elf annihilator
  4492 | D        | Noticed a deep elf death mage
  4539 | D        | Noticed a deep elf master archer
  4591 | D        | Noticed Harold
  4597 | D        | Noticed Joseph
  4599 | D        | Killed Harold
  4600 | D        | Reached skill level 20 in Maces & Flails
  4607 | D        | Killed Joseph
  4801 | D        | Received a gift from Trog
  5054 | D        | Reached XP level 13. HP: 63/100 MP: 13/13
  5194 | D        | Found Foekethra's Book Shop.
  5194 | D        | Found Gaetz's Antique Weapon Boutique.
  5194 | D        | Found Ylong's Antique Armour Shoppe.
  5194 | D        | Found Duyttoej's Magic Scroll Boutique.
  5194 | D        | Found Etonlug's Antique Weapon Emporium.
  5194 | D        | Found Xirhoah's Distillery.
  5194 | D        | Found Ganyor's Book Shop.
  5194 | D        | Found Jirarutee's Jewellery Shop.
  5194 | D        | Found Plog's Distillery.
  5194 | D        | Found Liof's Antique Armour Emporium.
  5194 | D        | Found Rumoik's Antique Armour Boutique.
  5235 | D        | Bought a scroll of holy word for 75 gold pieces
  5235 | D        | Bought a scroll of magic mapping for 35 gold pieces
  5239 | D        | Bought a potion of heal wounds for 50 gold pieces
  5239 | D        | Bought a potion of haste for 100 gold pieces
  5239 | D        | Bought a potion of flight for 30 gold pieces
  5506 | D        | Identified the +10 dire flail "Ranenaj" {vorpal, *Rage Fly
                  | rPois} (Trog gifted it to you in the Dungeon)
  5506 | D        | Received a gift from Trog
  5615 | D        | Found Cianumin's Armour Emporium.
  5615 | D        | Found Uppibaf's Armour Shop.
  5615 | D        | Found Ogosuphazi's Distillery.
  5615 | D        | Found Jihuhu's Distillery.
  5888 | D        | Reached skill level 21 in Maces & Flails
  5948 | D        | Identified Roxanne's Almanac of the Rocks
  5948 | D        | Noticed Roxanne
  5958 | D        | Killed Roxanne
  6008 | D        | Found Tuwimapp's Distillery.
  6021 | D        | Received a gift from Trog
  6189 | D        | Noticed Boris
  6213 | D        | Killed Boris
  6213 | D        | Identified the +12 glaive of Killer Bee's Regret
                  | {antimagic, rElec rCorr} (Trog gifted it to you in the
                  | Dungeon)
  6213 | D        | Received a gift from Trog
  6445 | D        | Noticed a yaktaur captain
  6446 | D        | Noticed a yaktaur captain
  6450 | D        | Killed a yaktaur captain
  6451 | D        | Reached skill level 22 in Maces & Flails
  6784 | D        | Killed a yaktaur captain
  6851 | D        | Noticed Azrael
  6857 | D        | Killed Azrael
  6938 | D        | Identified the +6 bardiche of a volcano {antimagic, rElec
                  | rF+} (Trog gifted it to you in the Dungeon)
  6938 | D        | Received a gift from Trog
  6952 | D        | Received a gift from Trog
  6967 | D        | Received a gift from Trog
  6981 | D        | Received a gift from Trog
  7070 | D        | Received a gift from Trog
  7477 | D        | Noticed a fire dragon
  7478 | D        | Noticed a spark wasp
  7478 | D        | a swamp dragon changed into a spark wasp
  7484 | D        | Killed a spark wasp
  7499 | D        | Killed a fire dragon
  7500 | D        | Gained mutation: Your large and strong wings let you fly.
                  | [Gargoyle growth]
  7500 | D        | Reached XP level 14. HP: 67/112 MP: 14/14
  7501 | D        | Received a gift from Trog
  7782 | D        | Identified the amulet "Zokure" {RegenMP rPois Int+2 Dex-5}
  7798 | D        | Reached skill level 23 in Maces & Flails
  8175 | D        | Received a gift from Trog
  8636 | D        | Received a gift from Trog
  8659 | D        | Received a gift from Trog
  8825 | D        | Noticed a lich
  8831 | D        | Killed a lich
  8832 | D        | Reached skill level 24 in Maces & Flails
  8870 | D        | Acquired a manual of Armour
  8874 | D        | Acquired a manual of Maces & Flails
  8896 | D        | Received a gift from Trog
  8912 | D        | Noticed a sphinx
  8912 | D        | Noticed a sphinx
  8924 | D        | Killed a sphinx
  8925 | D        | Reached skill level 10 in Dodging
  8928 | D        | Killed a sphinx
  9197 | D        | Received a gift from Trog
  9472 | D        | Received a gift from Trog
  9473 | D        | Reached skill level 25 in Maces & Flails
  9510 | D        | Noticed a royal mummy
  9510 | D        | Noticed a royal mummy
  9512 | D        | Identified the +7 great sword of the Viper {flame, rF++
                  | Dex+9 Stlth-} (Trog gifted it to you in the Dungeon)
  9512 | D        | Received a gift from Trog
  9517 | D        | Gained mutation: You are dopey. (Int -2) [mutagenic glow]
  9529 | D        | Noticed a Brimstone Fiend
  9529 | D        | Killed a royal mummy
  9529 | D        | Received a gift from Trog
  9530 | D        | Reached skill level 26 in Maces & Flails
  9530 | D        | Reached XP level 15. HP: 120/124 MP: 15/15
  9537 | D        | Killed a Brimstone Fiend
  9542 | D        | Slain by a phantasmal warrior

Illustrated notes

Levels and vault maps discovered:
D:        dungeon_sprint_mu [sprint_mu_entry_cave, sprint_mu_temple_rooms,
          sprint_mu_d1_spiders, sprint_mu_d2_genie, sprint_mu_d3_branching,
          sprint_mu_orc_legion, sprint_mu_elf_gauntlet, sprint_mu_hive_nellie,
          sprint_mu_lair_fedhas, sprint_mu_vaults_butterflies,
          sprint_mu_slime_circle, sprint_mu_swamp_cave, sprint_mu_snake_twists,
          sprint_mu_blade_basic, sprint_mu_crypt_fortress,
          sprint_mu_tomb_spiral, sprint_mu_vestibule_basic,
          sprint_mu_gehenna_hellfire, sprint_mu_dis_giant,
          sprint_mu_tartarus_statrot, sprint_mu_cocytus_islands, sprint_mu_zot1]

Skill      XL: |  1  2  3  4  5  6  7  8  9 10 11 12 13 14 |
---------------+-------------------------------------------+-----
Fighting       | 5 6 7 8 10 11 12 13 15 17 19 22 25 | 25.8
Maces & Flails | 4 5 7 8 11 13 15 17 19 20 22 26 | 26.2
Armour         | 3 4 5 6 7 10 14 17 19 21 | 21.9
Dodging        | 2 3 5 6 7 8 9 10 | 10.4
Stealth        | 1 2 3 4 6 |  6.5
Evocations     | 1 2 3 |  3.0

Action                   |  1- 3 |  4- 6 |  7- 9 | 10-12 | 13-15 || total
-------------------------+-------+-------+-------+-------+-------++-------
Melee: Mace              |    24 |    26 |    35 |       |       ||    85
       Peck              |       |     4 |    10 |    54 |    92 ||   160
       Great mace        |       |       |    24 |   101 |    22 ||   147
       Dire flail        |       |       |       |   125 |   195 ||   320
       Eveningstar       |       |       |       |    46 |   133 ||   179
Invok: Berserk           |     3 |     2 |     5 |     8 |     8 ||    26
       Brothers in Arms  |       |       |       |       |     3 ||     3
       Trog's Hand       |       |       |       |       |     1 ||     1
Evoke: Tin of tremorston |       |       |     2 |     4 |       ||     6
  Use: Potion            |       |     2 |       |       |     4 ||     6
       Scroll            |       |       |       |     6 |     8 ||    14
 Stab: Sleeping          |     1 |       |     1 |       |       ||     2
Armor: Animal skin       |     5 |     3 |     6 |       |       ||    14
       Chain mail        |       |       |     6 |    92 |   139 ||   237
Dodge: Dodged            |     8 |    15 |    19 |    84 |   110 ||   236

Table legend: (Time is in decaauts)
 A = Elapsed time spent in this place.
 B = Non-inter-level travel time spent in this place.
 C = Inter-level travel time spent in this place.
 D = Time resting spent in this place.
 E = Time spent auto-exploring this place.
 F = Levels seen in this place.
 G = Mean time per level.
                   A        B        C        D        E       F      G
               +--------+--------+--------+--------+--------+-----+--------+
         Total |   9614 |   9538 |     76 |   7140 |    141 |   1 | 9614.0 |
       Dungeon |   9614 |   9538 |     76 |   7140 |    141 |   1 | 9614.0 |
               +--------+--------+--------+--------+--------+-----+--------+

Top non-repeatable levels by time:
       D: 9614 daAuts
